 Dungeon Sprint DCSS version 0.17.1-3-g152610e (webtiles) character file.

142688 inmateoo the Gargoyle Aeon (level 17, -13/113 HPs)
             Began as a Gargoyle Fighter on Feb 19, 2016.
             Was the Champion of Cheibriados.
             Mangled by a pearl dragon (17 damage)
             ... in the Dungeon (Sprint V: "Ziggurat Sprint").
             The game lasted 00:22:32 (2324 turns).

inmateoo the Gargoyle Aeon (Gargoyle Fighter)       Turns: 2324, Time: 00:22:32

Health: -13/113    AC: 57    Str: 52    XL:     17   Next: 36%
Magic:  16/30      EV: 11    Int: 16    God:    Cheibriados [******]
Gold:   0          SH: 39    Dex: 31    Spells: 7 memorised, 7 levels left

rFire  + + +     SeeInvis +     b - +14 obsidian axe {chop, +Fly Str+3 SInv *Curse} (curse)
rCold  . . .     Clarity  +     c - +15 Maxwell's patent armour {-Cast -Tele rElec MR+ rCorr}
rNeg   + + +     SustAt   .     l - +18 shield of the gong {rElec rN+ MR+ EV-5}
rPois  ∞         Gourm    .     W - +0 helmet "Jysuv" {rElec Slay+2}
rElec  +         Spirit   .     B - +2 cloak {+Inv}
rCorr  +         Warding  .     D - +0 pair of gloves "Tant" {MR+}
rMut   .         NoTele   +     A - +2 pair of boots {Stlth+}
MR     +++++     NoCast   +     P - amulet "Damoovo" {Clar Str+6}
Stlth  ..........               V - ring of Inuqaras {rF+++ rN++ EV+2 Dex-3}
                                F - ring of Myfefer {Wiz rF+ rN+ Slay+6}

@: agile, mesmerised, glowing, studying 2 skills, very slow, almost entirely
resistant to hostile enchantments, extremely unstealthy
A: big wings, hooves 1, icy blue scales 2, molten scales 1, clarity, deformed
body, dopey 1, frail 1, low mp 1, magic resistance 1, mutation resistance 1,
negative energy resistance 1, electricity resistance, spit poison 1,
unbreathing, petrification resistance, rot immunity, subdued magic 1, AC +12
a: Spit Poison, Fly, Bend Time, Temporal Distortion, Slouch, Step From Time,
Renounce Religion, Evoke Invisibility, Evoke Flight


You were in the Dungeon.
You worshipped Cheibriados.
Cheibriados was exalted by your worship.
You were completely stuffed.

You visited 1 branch

Inventory:

Hand Weapons
 b - the cursed +14 obsidian axe (weapon) {chop, +Fly Str+3 SInv *Curse}
   (You found it in the Dungeon)

   It inflicts extra damage upon your enemies.
   It affects your strength (+3).
   It lets you see invisible.
   It lets you fly.
   It may re-curse itself when equipped.
   It has a curse placed upon it.
Armour
 c - the +15 Maxwell's patent armour (worn) {-Cast -Tele rElec MR+ rCorr}
   (You found it in the Dungeon)

   It insulates you from electricity.
   It affects your resistance to hostile enchantments.
   It prevents spellcasting.
   It prevents most forms of teleportation.
   It protects you from acid and corrosion.
 l - the +18 shield of the gong (worn) {rElec rN+ MR+ EV-5}
   (You found it in the Dungeon)

   It affects your evasion (-5).
   It insulates you from electricity.
   It protects you from negative energy.
   It affects your resistance to hostile enchantments.
 y - a +2 plate armour of fire resistance
 A - a +2 pair of boots of stealth (worn)
 B - a +2 cloak of invisibility (worn)
 D - the +0 pair of gloves "Tant" (worn) {MR+}
   (You found it in the Dungeon)

   It affects your resistance to hostile enchantments.
 W - the +0 helmet "Jysuv" (worn) {rElec Slay+2}
   (You found it in the Dungeon)

   It affects your accuracy and damage with ranged weapons and melee attacks
   (+2).
   It insulates you from electricity.
Jewellery
 j - the ring of Bujic {rElec rN+++ Int-4 Stlth+}
   (You found it in the Dungeon)

   [ring of stealth]

   It affects your intelligence (-4).
   It insulates you from electricity.
   It renders you almost immune to negative energy.
   It makes you more stealthy.
 E - the ring of Satyriasis {rC+ MR+}
   (You found it in the Dungeon)

   [ring of protection from magic]

   It protects you from cold.
   It affects your resistance to hostile enchantments.
 F - the ring of Myfefer (left hand) {Wiz rF+ rN+ Slay+6}
   (You took it off an orc in the Dungeon)

   [ring of wizardry]

   It improves your spell success rate.
   It affects your accuracy and damage with ranged weapons and melee attacks
   (+6).
   It protects you from fire.
   It protects you from negative energy.
 H - an uncursed ring of ice
 J - an uncursed ring of positive energy
 L - the ring of Radik {rF+ Dex+4 Stlth+}
   (You took it off an orc in the Dungeon)

   [ring of protection from fire]

   It affects your dexterity (+4).
   It protects you from fire.
   It makes you more stealthy.
 P - the amulet "Damoovo" (around neck) {Clar Str+6}
   (You took it off an orc high priest in the Dungeon)

   [amulet of clarity]

   It provides mental clarity.
   It affects your strength (+6).
 Q - an uncursed ring of protection from fire
 T - the amulet "Kacur" {rCorr Int+2}
   (You found it in the Dungeon)

   [amulet of resist corrosion]

   It protects you from acid and corrosion.
   It affects your intelligence (+2).
 V - the ring of Inuqaras (right hand) {rF+++ rN++ EV+2 Dex-3}
   (You took it off an orc warrior in the Dungeon)

   [ring of evasion]

   It affects your evasion (+2).
   It affects your dexterity (-3).
   It renders you almost immune to fire.
   It greatly protects you from negative energy.
 X - the ring of Salvation {EV+3 Dex+7}
   (You found it in the Dungeon)

   [ring of evasion]

   It affects your evasion (+3).
   It affects your dexterity (+7).
 Y - the ring "Uheojoc" {SustAt Slay+5}
   (You found it in the Dungeon)

   [ring of sustain attributes]

   It sustains your strength, intelligence and dexterity.
   It affects your accuracy and damage with ranged weapons and melee attacks
   (+5).
Wands
 h - a wand of disintegration (7)
Scrolls
 k - 4 scrolls of blinking
 q - 4 scrolls of amnesia
 r - 3 scrolls of recharging
 s - 8 scrolls of fog
 t - 3 scrolls of holy word
 u - 5 scrolls of identify
 v - 5 scrolls of remove curse
 w - 2 scrolls of fear
 R - 6 scrolls of enchant armour
 Z - a scroll of brand weapon
Potions
 a - 2 potions of brilliance
 d - 7 potions of might
 f - 10 potions of curing
 g - 9 potions of heal wounds
 i - 7 potions of magic
 m - 2 potions of invisibility
 n - 4 potions of resistance
 p - 5 potions of agility
Books
 o - a manual of Axes
 C - a book of Annihilations

   Spells                             Type                      Level
   a - Poison Arrow                   Conjuration/Poison           6
   b - Chain Lightning                Conjuration/Air              8
   c - Lehudib's Crystal Spear        Conjuration/Earth            8
   d - Glaciate                       Conjuration/Ice              9
   e - Fire Storm                     Conjuration/Fire             9
 U - a manual of Conjurations
Miscellaneous
 G - a phial of floods
 I - a lamp of fire
 K - a plain deck of summoning
 M - a stone of tremors
 N - an ornate deck of defence
 O - a fan of gales
Comestibles
 e - 5 bread rations
 x - 42 fruits
 S - 3 royal jellies


   Skills:
 + Level 21.0 Fighting
 * Level 22.9 Axes
 + Level 20.5 Armour
 - Level 0.5 Dodging
 + Level 21.0 Shields
 + Level 10.2 Spellcasting
 + Level 8.3 Air Magic
 * Level 25.0 Invocations
 + Level 14.4 Evocations


You had 7 spell levels left.
You knew the following spells:

 Your Spells              Type           Power        Failure   Level  Hunger
a - Shroud of Golubria    Chrm/Tloc      #.........   7%          2    None
b - Deflect Missiles      Chrm/Air       ##........   98%         6    ######.
c - Passage of Golubria   Tloc           N/A          77%         4    ###....
d - Tornado               Air            ###.......   100%        9    #######
e - Song of Slaying       Chrm           #.......     7%          2    None
f - Regeneration          Chrm/Necr      #.........   22%         3    None
g - Spectral Weapon       Hex/Chrm       #.......     22%         3    None


Dungeon Overview and Level Annotations

Branches:
Dungeon (1/1)

Altars:
Ashenzari
Cheibriados
Dithmenos
Elyvilon
Fedhas
Gozag
Kikubaaqudgha
Makhleb
Nemelex Xobeh
Okawaru
Qazlal
Ru
Sif Muna
Trog
Vehumet
Xom
Yredelemnul
Zin
The Shining One
Beogh
Jiyva
Lugonu


Innate Abilities, Weirdness & Mutations

You are resistant to torment.
Your stone body is resilient (AC +12).
You are immune to poison.
Your large and strong wings let you fly indefinitely.
You resist negative energy.
You are resistant to electric shocks.
You can survive without breathing.
You are immune to petrification.
You are immune to rotting.
You have large cloven feet.
You are mostly covered in icy blue scales (AC +3, EV -1).
You are partially covered in molten scales (AC +1).
You possess an exceptional clarity of mind.
Armour fits poorly on your strangely shaped body.
You are dopey. (Int -2)
You are frail (-10% HP).
Your magical capacity is low (-10% MP).
You are resistant to hostile enchantments.
You are somewhat resistant to further mutation.
You can spit weak poison.
Your spells are a little easier to cast, but a little less powerful.


Message History

A pearl dragon comes into view.
Unknown command.
Unknown command.
You can feel time thicken for a moment.
You feel somewhat less full.
You are engulfed in blessed fire.
* * * LOW HITPOINT WARNING * * *
You block the angel's attack.
PTOANNNG!
You block the angel's attack.
PANG!
The pearl dragon breathes holy energy at you.
The blast of cleansing flame engulfs you!
You resist.
The angel gestures.
The angel is healed somewhat.
The ophan calls forth blessed flames!
The angel gestures.
The angel is healed somewhat.
The ophan calls forth blessed flames!
The angel gestures.
The angel is healed somewhat.
The pearl dragon bites you!
You die... ......▓ ∆∆∆∆∆∆∆∆∆∆∆∆∆∆∆A∆ * eeeee )|)...▓ ∆)[[G|AAA=)YDAA)∆, eeeee

..:...▓
.......A..AGAD. *
,,,,, }|.:}.▓
....AGDY.Y.AGA.,
, , , ......▓
.......DY...... ,
,,, ......▓
...AG.YGY.D....
,* ,,, ..)...▓
....A.AAAAA....
,,, ......▓
....AADDA......,
))....▓
......Y@DA.....,,
, ).....▓
.....§§AG§.....,
, ......▓
......§§§......,
* ......▓
.........§..... ,
.▓....▓
..▓.........▓..,
▓▓▓...▓ .
▓▓.......▓▓ . , ,
.▓....▓
..▓.........▓.. ,
......▓
...............,
,, ......▓
...............


You could see 7 apis, 7 daevas, 8 pearl dragons, 12 angels, 7 ophanim and 4
cherubim.

Vanquished Creatures
  3 shard shrikes (shapeshifter) (D)
  A shard shrike (D)
  A caustic shrike (shapeshifter) (D)
  A pandemonium lord (D)
  A tentacled monstrosity (D)
  2 Orb Guardians (D)
  An acid blob (D)
  2 tentacled starspawn (D)
  2 deep elf master archers (D)
  3 death cobs (D)
  A sphinx (shapeshifter) (D)
  A greater naga (D)
  An iron dragon (shapeshifter) (D)
  A draconian scorcher (D)
  3 orc warlords (D)
  6 stone giants (D)
  A very ugly thing (D)
  A black draconian (D)
  2 yellow draconians (D)
  2 vampire knights (D)
  A red draconian (D)
  2 purple draconians (D)
  A mottled draconian (D)
  7 merfolk javelineers (D)
  An ettin (shapeshifter) (D)
  A death ooze (D)
  4 merfolk impalers (D)
  4 yaktaur captains (D)
  2 great orbs of eyes (D)
  2 naga warriors (D)
  A rakshasa (D)
  5 centaur warriors (D)
  A hydra (D)
  An anaconda (shapeshifter) (D)
  An anaconda (D)
  A vampire mage (D)
  4 orc high priests (D)
  2 shock serpents (shapeshifter) (D)
  A fire crab (shapeshifter) (D)
  2 wretched stars (D)
  2 skeletal warriors (D)
  A flayed ghost (D)
  2 death drakes (shapeshifter) (D)
  A sea snake (shapeshifter) (D)
  2 giant orange brains (shapeshifter) (D)
  2 giant orange brains (D)
  2 harpies (D)
  3 lindwurms (shapeshifter) (D)
  A deep troll (shapeshifter) (D)
  A hornet (shapeshifter) (D)
  3 salamanders (shapeshifter) (D)
  5 orc knights (D)
  A worldbinder (D)
  2 water nymphs (shapeshifter) (D)
  3 ugly things (D)
  8 cyclopes (D)
  2 elephants (D)
  4 moths of wrath (D)
  A guardian serpent (shapeshifter) (D)
  A sixfirhy (D)
  A siren (D)
  A manticore (D)
  An orc sorcerer (D)
  2 shining eyes (D)
  4 draconians (D)
  2 water nymphs (D)
  3 naga magi (D)
  A smoke demon (D)
  An eye of devastation (D)
  An eye of devastation (shapeshifter) (D)
  5 black mambas (D)
  2 guardian serpents (D)
  3 komodo dragons (shapeshifter) (D)
  A spiny frog (D)
  2 komodo dragons (D)
  A fire drake (D)
  15 starcursed masses (D)
  7 ancient zymes (D)
  A demonic crawler (D)
  A yaktaur (shapeshifter) (D)
  2 blue devils (D)
  2 trolls (D)
  7 yaktaurs (D)
  2 merfolk (D)
  A jumping spider (shapeshifter) (D)
  2 freezing wraiths (D)
  6 slime creatures (D)
  A merfolk (shapeshifter) (D)
  A wind drake (shapeshifter) (D)
  A polar bear (shapeshifter) (D)
  A blink frog (D)
  4 shadows (D)
  A blink frog (shapeshifter) (D)
  A snapping turtle (D)
  5 large abominations (D)
  A spriggan (shapeshifter) (D)
  2 water elementals (D)
  A trapdoor spider (shapeshifter) (D)
  A ynoxinul (D)
  A vampire (D)
  A golden eye (D)
  2 steam dragons (D)
  4 yaks (D)
  4 neqoxecs (D)
  2 golden eyes (shapeshifter) (D)
  An insubstantial wisp (D)
  2 wargs (D)
  2 wolves (D)
  A porcupine (D)
  6 orc warriors (D)
  9 nagas (D)
  6 water moccasins (D)
  2 swamp drakes (D)
  2 sky beasts (D)
  A phantom (D)
  An ice beast (D)
  10 small abominations (D)
  A centaur (shapeshifter) (D)
  An ogre (D)
  3 big kobolds (D)
  2 centaurs (D)
  A brain worm (D)
  A crocodile (D)
  A brain worm (shapeshifter) (D)
  2 giant frogs (D)
  3 wights (D)
  2 quasits (D)
  6 jellies (D)
  An orc priest (D)
  2 iguanas (D)
  An iron imp (D)
  2 sheep (D)
  A mummy (D)
  2 adders (D)
  A river rat (D)
  5 white imps (D)
  4 shadow imps (D)
  5 oozes (D)
  3 ufetubi (D)
  An adder skeleton (D)
  24 orcs (D)
  8 ball pythons (D)
  A jackal (shapeshifter) (D)
  2 jackals (D)
  3 starspawn tentacles (D)
370 creatures vanquished.

Vanquished Creatures (collateral kills)
  A white draconian (D)
  2 purple draconians (D)
  A merfolk javelineer (D)
  2 naga warriors (D)
  A skeletal warrior (D)
  A necromancer (D)
  A siren (D)
  An ancient zyme (D)
  A shadow (D)
  A big kobold (D)
12 creatures vanquished.

Vanquished Creatures (others)
  A spatial maelstrom (D)
  A steam dragon (D)
  2 starspawn tentacles (D)
  36 starspawn tentacle segments (D)
40 creatures vanquished.

Grand Total: 422 creatures vanquished

Notes
Turn   | Place    | Note
--------------------------------------------------------------
     0 | D        | inmateoo the Gargoyle Fighter began the quest for the Orb.
     0 | D        | Reached XP level 1. HP: 14/14 MP: 1/1
     0 | D        | Found an iron altar of Okawaru.
     0 | D        | Found a burning altar of Makhleb.
     0 | D        | Found a radiant altar of Vehumet.
     0 | D        | Found a deep blue altar of Sif Muna.
     0 | D        | Found a shimmering altar of Xom.
     5 | D        | Became a worshipper of Cheibriados the Contemplative
     9 | D        | Banished a spatial maelstrom
    11 | D        | Found a white marble altar of Elyvilon.
    11 | D        | Found a corrupted altar of Lugonu.
    11 | D        | Found a sparkling altar of Nemelex Xobeh.
    11 | D        | Found a roughly hewn altar of Beogh.
    11 | D        | Found a bloodstained altar of Trog.
    11 | D        | Found a viscous altar of Jiyva.
    89 | D        | Reached skill level 4 in Fighting
    89 | D        | Reached XP level 2. HP: 17/20 MP: 1/4
   131 | D        | Entered arena 1.
   131 | D        | Noticed a swamp drake
   131 | D        | Noticed a steam dragon
   134 | D        | Killed a swamp drake
   134 | D        | Reached skill level 6 in Fighting
   134 | D        | Reached XP level 3. HP: 13/27 MP: 5/5
   134 | D        | Reached XP level 4. HP: 15/32 MP: 6/6
   134 | D        | Killed a steam dragon
   134 | D        | Reached skill level 7 in Fighting
   134 | D        | Reached skill level 5 in Axes
   134 | D        | Reached XP level 5. HP: 16/38 MP: 7/7
   142 | D        | Entered arena 2.
   142 | D        | Noticed a slime creature
   142 | D        | Noticed a jelly
   146 | D        | Killed a jelly
   146 | D        | Reached * piety under Cheibriados
   146 | D        | Reached XP level 6. HP: 36/44 MP: 8/8
   147 | D        | Killed a slime creature
   147 | D        | Reached skill level 9 in Fighting
   147 | D        | Reached XP level 7. HP: 39/51 MP: 9/9
   151 | D        | Got the amulet of Zoik {Inacc MR+ Int-5 Dex+6}
   152 | D        | Entered arena 3.
   152 | D        | Noticed an ancient zyme
   155 | D        | Reached ** piety under Cheibriados
   159 | D        | Killed an ancient zyme
   159 | D        | Reached skill level 10 in Fighting
   159 | D        | Reached skill level 10 in Shields
   170 | D        | Entered arena 4.
   170 | D        | Noticed a steam dragon
   170 | D        | Noticed a fire drake
   170 | D        | Noticed a steam dragon
   170 | D        | Noticed a swamp drake
   173 | D        | Killed a steam dragon
   174 | D        | Killed a swamp drake
   174 | D        | Reached *** piety under Cheibriados
   174 | D        | Reached skill level 10 in Armour
   174 | D        | Reached XP level 8. HP: 48/58 MP: 10/10
   175 | D        | Killed a steam dragon
   175 | D        | Killed a fire drake
   175 | D        | Reached skill level 11 in Fighting
   186 | D        | Gained mutation: You can spit weak poison. [helix card]
   187 | D        | Noticed Fuosuimo
   189 | D        | Killed Fuosuimo the merfolk
   199 | D        | Entered arena 5.
   199 | D        | Noticed a yak
   199 | D        | Noticed a wolf
   200 | D        | Reached **** piety under Cheibriados
   201 | D        | Killed a wolf
   201 | D        | Reached skill level 1 in Evocations
   204 | D        | Killed a yak
   204 | D        | Reached ***** piety under Cheibriados
   212 | D        | Identified Sif Muna's Grimoire of Aid and Lightness (You found it in the Dungeon)
   212 | D        | Identified Sif Muna's Grimoire of Aid and Lightness (You found it in the Dungeon)
   213 | D        | Entered arena 6.
   213 | D        | Noticed a water moccasin
   213 | D        | Noticed a naga
   213 | D        | Noticed a naga
   213 | D        | Noticed a naga
   216 | D        | Killed a water moccasin
   218 | D        | Killed a naga
   218 | D        | Reached XP level 9. HP: 64/64 MP: 10/12
   222 | D        | Killed a naga
   224 | D        | Killed a naga
   245 | D        | Learned a level 2 spell: Shroud of Golubria
   252 | D        | Learned a level 6 spell: Deflect Missiles
   267 | D        | Entered arena 7.
   267 | D        | Noticed a quasit
   267 | D        | Noticed a rakshasa
   271 | D        | Reached ****** piety under Cheibriados
   271 | D        | Reached skill level 5 in Invocations
   272 | D        | Killed a rakshasa
   272 | D        | Reached skill level 12 in Fighting
   272 | D        | Killed a quasit
   278 | D        | Got the ring "Romna" {rN+ Stlth+}
   287 | D        | Entered arena 8.
   287 | D        | Noticed a draconian
   287 | D        | Noticed a draconian
   287 | D        | Noticed a death cob
   287 | D        | Noticed a death cob
   287 | D        | Noticed a black draconian
   287 | D        | Noticed a draconian
   287 | D        | Noticed a draconian
   290 | D        | Killed a death cob
   290 | D        | Reached skill level 10 in Axes
   290 | D        | Reached XP level 10. HP: 60/72 MP: 9/16
   290 | D        | Killed a death cob
   290 | D        | Reached skill level 13 in Fighting
   290 | D        | Reached skill level 10 in Invocations
   292 | D        | Killed a draconian
   294 | D        | Killed a black draconian
   294 | D        | Reached XP level 11. HP: 65/78 MP: 5/19
   294 | D        | Killed a draconian
   297 | D        | Killed a draconian
   298 | D        | Killed a draconian
   331 | D        | Entered arena 9.
   331 | D        | Noticed a slime creature
   331 | D        | Noticed a slime creature
   331 | D        | Noticed a slime creature
   331 | D        | Noticed an eye of devastation
   331 | D        | Noticed a slime creature
   335 | D        | Killed a slime creature
   336 | D        | Killed a slime creature
   337 | D        | Killed a slime creature
   338 | D        | Killed an eye of devastation
   338 | D        | Reached skill level 14 in Shields
   339 | D        | Killed a slime creature
   345 | D        | Got the +0 pair of gloves "Tant" {MR+}
   370 | D        | Entered arena 10.
   370 | D        | Noticed a water moccasin
   370 | D        | Noticed a black mamba
   370 | D        | Noticed a black mamba
   370 | D        | Noticed a naga
   370 | D        | Noticed a black mamba
   374 | D        | Killed a black mamba
   374 | D        | Killed a water moccasin
   375 | D        | Killed a black mamba
   376 | D        | Killed a black mamba
   379 | D        | Killed a naga
   414 | D        | Entered arena 11.
   414 | D        | Noticed a brown ugly thing
   414 | D        | Noticed a cyan very ugly thing
   414 | D        | Noticed a giant orange brain
   414 | D        | Noticed a death drake
   414 | D        | Noticed an anaconda
   414 | D        | a death drake changed into a tarantella
   414 | D        | Noticed a harpy
   414 | D        | a tarantella changed into a harpy
   415 | D        | Noticed a cyan ugly thing
   415 | D        | Noticed a green ugly thing
   415 | D        | Noticed a neqoxec
   415 | D        | Noticed a death drake
   415 | D        | Noticed a lindwurm
   415 | D        | a giant orange brain changed into a lindwurm
   415 | D        | a harpy changed into a komodo dragon
   418 | D        | Killed an anaconda
   420 | D        | Killed a neqoxec
   421 | D        | Killed a cyan ugly thing
   421 | D        | Killed a lindwurm
   421 | D        | Killed a death drake
   421 | D        | Reached XP level 12. HP: 83/86 MP: 10/22
   424 | D        | Killed a cyan very ugly thing
   425 | D        | Killed a purple ugly thing
   426 | D        | Killed a purple ugly thing
   448 | D        | Gained mutation: You can spit poison. [mutagenic meat]
   449 | D        | Gained mutation: You passively map a small area around you. [mutagenic meat]
   450 | D        | Gained mutation: You evolve. [mutagenic meat]
   471 | D        | Entered arena 12.
   471 | D        | Noticed a shard shrike
   471 | D        | Noticed a skeletal warrior
   471 | D        | Noticed a phantom
   471 | D        | Noticed an ice beast
   472 | D        | Noticed a freezing wraith
   473 | D        | Noticed a shadow
   473 | D        | Noticed a freezing wraith
   473 | D        | Killed a shard shrike
   473 | D        | Reached skill level 15 in Fighting
   473 | D        | Reached skill level 15 in Shields
   473 | D        | Reached skill level 15 in Invocations
   475 | D        | Noticed a blue devil
   477 | D        | Killed an ice beast
   481 | D        | Killed a freezing wraith
   481 | D        | Killed a freezing wraith
   482 | D        | Killed a phantom
   482 | D        | Killed a shadow
   483 | D        | Killed a skeletal warrior
   487 | D        | Killed a blue devil
   499 | D        | Lost mutation: You evolve. [helix card]
   499 | D        | Gained mutation: Scrolls take you a little longer to read. [helix card]
   500 | D        | Lost mutation: Scrolls take you a little longer to read. [helix card]
   500 | D        | Gained mutation: Your flesh is cold resistant. [helix card]
   501 | D        | Drew Focus: Str increased to 22, Int decreased to 8
   502 | D        | Drew Focus: Str increased to 23, Int decreased to 7
   503 | D        | Lost mutation: You passively map a small area around you. [helix card]
   520 | D        | Entered arena 13.
   521 | D        | Noticed a purple draconian
   521 | D        | Noticed an Orb Guardian
   521 | D        | Noticed a death cob
   521 | D        | Noticed an Orb Guardian
   521 | D        | Noticed a purple draconian
   522 | D        | Noticed a red draconian
   522 | D        | Noticed a white draconian
   522 | D        | Noticed a tentacled monstrosity
   522 | D        | Noticed a yellow draconian
   522 | D        | Noticed a yellow draconian
   522 | D        | Noticed a mottled draconian
   522 | D        | Noticed a purple draconian
   524 | D        | Killed a death cob
   525 | D        | Killed an Orb Guardian
   525 | D        | Reached skill level 15 in Axes
   525 | D        | Reached skill level 15 in Armour
   525 | D        | Reached skill level 16 in Invocations
   525 | D        | Reached XP level 13. HP: 84/92 MP: 13/25
   525 | D        | Killed an Orb Guardian
   525 | D        | Reached skill level 5 in Evocations
   528 | D        | Killed a yellow draconian
   529 | D        | Killed a yellow draconian
   529 | D        | Killed a red draconian
   529 | D        | Killed a purple draconian
   531 | D        | Killed a white draconian
   532 | D        | Killed a mottled draconian
   532 | D        | Reached skill level 17 in Invocations
   533 | D        | Killed a tentacled monstrosity
   534 | D        | Killed a purple draconian
   536 | D        | Killed a purple draconian
   648 | D        | Entered arena 14.
   649 | D        | Noticed a troll
   649 | D        | Noticed an orc high priest
   649 | D        | Noticed an orc high priest
   650 | D        | Noticed a stone giant
   650 | D        | Noticed an orc warrior
   650 | D        | Noticed an orc sorcerer
   652 | D        | Killed an orc warrior
   652 | D        | Killed an orc sorcerer
   653 | D        | Killed a troll
   653 | D        | Killed an orc high priest
   655 | D        | Killed an orc high priest
   656 | D        | Killed a stone giant
   728 | D        | Entered arena 15.
   728 | D        | Noticed a wight
   728 | D        | Noticed a wight
   728 | D        | Noticed a vampire knight
   728 | D        | Noticed a vampire mage
   728 | D        | Noticed a vampire knight
   728 | D        | Noticed a wight
   729 | D        | Noticed a shadow
   729 | D        | Noticed a shadow
   729 | D        | Noticed a skeletal warrior
   729 | D        | Noticed a shadow
   729 | D        | Noticed a shadow
   729 | D        | Noticed a skeletal warrior
   730 | D        | Noticed a necromancer
   731 | D        | Killed a vampire mage
   734 | D        | Killed a wight
   735 | D        | Killed a wight
   735 | D        | Killed a shadow
   735 | D        | Reached skill level 18 in Invocations
   736 | D        | Killed a shadow
   737 | D        | Killed a wight
   738 | D        | Killed a vampire knight
   738 | D        | Gained mutation: Your large and strong wings let you fly indefinitely. [Gargoyle growth]
   738 | D        | Reached XP level 14. HP: 80/100 MP: 25/27
   738 | D        | Killed a vampire knight
   739 | D        | Killed a shadow
   742 | D        | Killed a necromancer
   743 | D        | Killed a skeletal warrior
   744 | D        | Killed a shadow
   747 | D        | Killed a skeletal warrior
   803 | D        | Entered arena 16.
   806 | D        | Noticed a slime creature
   806 | D        | Noticed a shining eye
   806 | D        | Noticed a giant orange brain
   806 | D        | Noticed a jelly
   806 | D        | Noticed an acid blob
   806 | D        | Noticed a jelly
   806 | D        | Noticed a jelly
   807 | D        | Noticed a great orb of eyes
   807 | D        | Noticed a jelly
   807 | D        | Noticed a golden eye
   807 | D        | Noticed a giant orange brain
   807 | D        | Noticed a shining eye
   807 | D        | Noticed a death ooze
   807 | D        | Noticed a jelly
   808 | D        | Killed a jelly
   808 | D        | Killed a golden eye
   808 | D        | Killed a jelly
   808 | D        | Killed a jelly
   809 | D        | Killed a jelly
   809 | D        | Killed a jelly
   809 | D        | Killed a death ooze
   810 | D        | Killed a giant orange brain
   810 | D        | Killed a giant orange brain
   811 | D        | Killed an acid blob
   811 | D        | Killed a slime creature
   812 | D        | Killed a great orb of eyes
   814 | D        | Killed a shining eye
   815 | D        | Killed a shining eye
   829 | D        | Entered arena 17.
   832 | D        | Noticed a merfolk impaler
   832 | D        | Noticed a water nymph
   832 | D        | Noticed a water elemental
   832 | D        | Noticed a merfolk impaler
   832 | D        | Noticed a merfolk javelineer
   832 | D        | Noticed a siren
   832 | D        | Noticed a snapping turtle
   832 | D        | Noticed a merfolk javelineer
   832 | D        | Noticed a merfolk impaler
   832 | D        | Noticed a water nymph
   832 | D        | Noticed a harpy
   832 | D        | Noticed a merfolk javelineer
   832 | D        | Noticed a merfolk impaler
   832 | D        | Noticed a harpy
   833 | D        | Noticed a water elemental
   833 | D        | Noticed a manticore
   833 | D        | Noticed a siren
   834 | D        | Killed a harpy
   834 | D        | Reached skill level 19 in Invocations
   834 | D        | Killed a harpy
   835 | D        | Noticed a merfolk javelineer
   836 | D        | Killed a water elemental
   836 | D        | Killed a water nymph
   836 | D        | Killed a manticore
   836 | D        | Killed a siren
   836 | D        | Killed a water nymph
   836 | D        | Killed a water elemental
   838 | D        | Killed a merfolk impaler
   841 | D        | Killed a snapping turtle
   841 | D        | Killed a merfolk javelineer
   842 | D        | Killed a merfolk javelineer
   844 | D        | Killed a merfolk javelineer
   845 | D        | Killed a merfolk javelineer
   846 | D        | Killed a merfolk impaler
   849 | D        | Killed a merfolk impaler
   850 | D        | Killed a siren
   852 | D        | Killed a merfolk impaler
  1033 | D        | Lost mutation: You can spit poison. [helix card]
  1050 | D        | Entered arena 18.
  1053 | D        | Noticed a naga mage
  1053 | D        | Noticed a greater naga
  1053 | D        | Noticed an anaconda
  1053 | D        | Noticed a water moccasin
  1053 | D        | Noticed a naga mage
  1053 | D        | Noticed a water moccasin
  1054 | D        | Noticed a naga mage
  1054 | D        | Noticed a black mamba
  1054 | D        | Noticed a naga warrior
  1054 | D        | Noticed a naga
  1054 | D        | Noticed a naga warrior
  1054 | D        | Noticed a naga
  1054 | D        | Noticed a naga warrior
  1054 | D        | Noticed a naga warrior
  1054 | D        | Noticed a guardian serpent
  1054 | D        | Noticed a guardian serpent
  1057 | D        | Killed a naga mage
  1057 | D        | Killed a naga mage
  1057 | D        | Killed a water moccasin
  1057 | D        | Killed a guardian serpent
  1057 | D        | Killed a naga
  1059 | D        | Killed a water moccasin
  1060 | D        | Killed an anaconda
  1060 | D        | Reached skill level 20 in Invocations
  1060 | D        | Killed a naga warrior
  1061 | D        | Killed a black mamba
  1063 | D        | Killed a guardian serpent
  1063 | D        | Killed a naga
  1069 | D        | Killed a naga warrior
  1069 | D        | Reached skill level 10 in Evocations
  1070 | D        | Killed a naga mage
  1071 | D        | Killed a naga warrior
  1074 | D        | Killed a greater naga
  1077 | D        | Killed a naga warrior
  1077 | D        | Reached XP level 15. HP: 87/108 MP: 29/29
  1101 | D        | Lost mutation: Your flesh is cold resistant. [helix card]
  1103 | D        | XOM: colour smoke trail
  1104 | D        | Drew Focus: Str increased to 24, Int decreased to 6
  1105 | D        | Drew Focus: Str increased to 25, Int decreased to 5
  1106 | D        | Lost mutation: You can spit weak poison. [helix card]
  1106 | D        | Gained mutation: You are agile. (Dex +2) [helix card]
  1112 | D        | Identified the Collected Works on Creative Execration (You found it in the Dungeon)
  1125 | D        | Entered arena 19.
  1130 | D        | Noticed a water moccasin
  1130 | D        | Noticed an iguana
  1130 | D        | Noticed a giant frog
  1130 | D        | Noticed a komodo dragon
  1130 | D        | Noticed a blink frog
  1130 | D        | Noticed a komodo dragon
  1130 | D        | Noticed an elephant
  1130 | D        | Noticed a yak
  1130 | D        | Noticed a porcupine
  1130 | D        | Noticed a black mamba
  1131 | D        | Noticed a crocodile
  1131 | D        | Noticed a giant frog
  1131 | D        | Noticed a water moccasin
  1131 | D        | Noticed an elephant
  1131 | D        | Noticed a spiny frog
  1131 | D        | Noticed an iguana
  1131 | D        | Noticed a five-headed hydra
  1131 | D        | Noticed a yak
  1132 | D        | Noticed a yak
  1132 | D        | Noticed a wolf
  1133 | D        | Killed a black mamba
  1134 | D        | Killed a blink frog
  1134 | D        | Killed a water moccasin
  1136 | D        | Killed a porcupine
  1137 | D        | Killed a komodo dragon
  1138 | D        | Killed a spiny frog
  1138 | D        | Killed a water moccasin
  1139 | D        | Killed an iguana
  1139 | D        | Killed a giant frog
  1140 | D        | Killed a crocodile
  1140 | D        | Killed a giant frog
  1141 | D        | Killed a komodo dragon
  1142 | D        | Killed a wolf
  1143 | D        | Killed an eight-headed hydra
  1143 | D        | Killed an elephant
  1144 | D        | Killed an elephant
  1145 | D        | Killed a yak
  1145 | D        | Killed an iguana
  1146 | D        | Killed a yak
  1149 | D        | Killed a yak
  1158 | D        | Got the amulet "Kacur" {rCorr Int+2}
  1178 | D        | Identified Sif Muna's Compendium of Curses (You found it in the Dungeon)
  1183 | D        | Learned a level 4 spell: Passage of Golubria
  1185 | D        | Identified Wolij's Papyrus of the Cockatrice (You found it in the Dungeon)
  1194 | D        | Identified Sif Muna's Catalogue of Evil Malediction (You found it in the Dungeon)
  1199 | D        | Entered arena 20.
  1203 | D        | Noticed an ancient zyme
  1203 | D        | Noticed an insubstantial wisp
  1203 | D        | Noticed an ancient zyme
  1204 | D        | Noticed a blue devil
  1204 | D        | Noticed a small abomination
  1204 | D        | Noticed a great orb of eyes
  1204 | D        | Noticed an iron imp
  1204 | D        | Noticed a large abomination
  1204 | D        | Noticed a small abomination
  1204 | D        | Noticed an ancient zyme
  1204 | D        | Noticed a small abomination
  1204 | D        | Noticed a neqoxec
  1205 | D        | Noticed a small abomination
  1205 | D        | Noticed a flayed ghost
  1205 | D        | Noticed an ancient zyme
  1205 | D        | Noticed a small abomination
  1205 | D        | Noticed a small abomination
  1205 | D        | Noticed a large abomination
  1205 | D        | Noticed a small abomination
  1205 | D        | Noticed a tentacled starspawn
  1205 | D        | Noticed a small abomination
  1205 | D        | Noticed a vampire
  1206 | D        | Noticed an ancient zyme
  1207 | D        | Killed an insubstantial wisp
  1207 | D        | Killed a small abomination
  1207 | D        | Killed a small abomination
  1207 | D        | Killed a small abomination
  1207 | D        | Killed a small abomination
  1207 | D        | Killed a small abomination
  1207 | D        | Killed a small abomination
  1208 | D        | Killed an ancient zyme
  1208 | D        | Killed a blue devil
  1208 | D        | Killed a small abomination
  1208 | D        | Killed an iron imp
  1208 | D        | Killed a vampire
  1208 | D        | Killed a neqoxec
  1209 | D        | Killed an ancient zyme
  1210 | D        | Killed a great orb of eyes
  1210 | D        | Killed an ancient zyme
  1210 | D        | Killed an ancient zyme
  1211 | D        | Killed a large abomination
  1212 | D        | Killed a flayed ghost
  1212 | D        | Killed a tentacled starspawn
  1212 | D        | Reached skill level 21 in Invocations
  1213 | D        | Killed a large abomination
  1213 | D        | Killed a small abomination
  1214 | D        | Killed an ancient zyme
  1219 | D        | Got the +0 helmet "Jysuv" {rElec Slay+2}
  1229 | D        | Got the ring of Salvation {EV+3 Dex+7}
  1231 | D        | Got the ring "Uheojoc" {SustAt Slay+5}
  1277 | D        | Entered arena 21.
  1281 | D        | Noticed a green draconian scorcher
  1281 | D        | Noticed a starcursed mass
  1281 | D        | Noticed a sky beast
  1281 | D        | Noticed a sky beast
  1281 | D        | Noticed a small abomination
  1281 | D        | Noticed a brain worm
  1281 | D        | Noticed a large abomination
  1282 | D        | Noticed an ancient zyme
  1282 | D        | Noticed a large abomination
  1282 | D        | Noticed a purple draconian
  1282 | D        | Noticed a quasit
  1282 | D        | Noticed a neqoxec
  1282 | D        | Noticed an ancient zyme
  1282 | D        | Noticed a wretched star
  1282 | D        | Noticed a tentacled starspawn
  1282 | D        | Noticed a smoke demon
  1282 | D        | Noticed a starcursed mass
  1282 | D        | Noticed Awnoicha the pandemonium lord
  1282 | D        | Noticed a ynoxinul
  1282 | D        | Noticed a sixfirhy
  1282 | D        | Noticed a neqoxec
  1282 | D        | Noticed a large abomination
  1283 | D        | Noticed a worldbinder
  1283 | D        | Noticed a starcursed mass
  1283 | D        | Noticed a demonic crawler
  1283 | D        | Killed a sixfirhy
  1283 | D        | Killed a small abomination
  1283 | D        | Killed a quasit
  1284 | D        | Noticed a small abomination
  1284 | D        | Killed a sky beast
  1284 | D        | Killed a large abomination
  1284 | D        | Killed a neqoxec
  1284 | D        | Killed a brain worm
  1284 | D        | Killed a sky beast
  1284 | D        | Killed a ynoxinul
  1284 | D        | Killed a demonic crawler
  1284 | D        | Reached skill level 1 in Spellcasting
  1284 | D        | Killed a neqoxec
  1284 | D        | Killed a worldbinder
  1285 | D        | Noticed a wretched star
  1285 | D        | Killed a wretched star
  1285 | D        | Killed an ancient zyme
  1285 | D        | Killed an ancient zyme
  1285 | D        | Killed a smoke demon
  1285 | D        | Killed a small abomination
  1286 | D        | Killed a green draconian scorcher
  1288 | D        | Killed a purple draconian
  1289 | D        | Killed a large abomination
  1289 | D        | Killed a tentacled starspawn
  1290 | D        | Killed Awnoicha the pandemonium lord
  1291 | D        | Killed a large abomination
  1292 | D        | Killed a wretched star
  1295 | D        | Killed a starcursed mass
  1295 | D        | Killed a starcursed mass
  1297 | D        | Killed a starcursed mass
  1297 | D        | Killed a starcursed mass
  1297 | D        | Killed a starcursed mass
  1298 | D        | Killed a starcursed mass
  1298 | D        | Killed a starcursed mass
  1299 | D        | Killed a starcursed mass
  1299 | D        | Killed a starcursed mass
  1299 | D        | Killed a starcursed mass
  1302 | D        | Killed a starcursed mass
  1303 | D        | Killed a starcursed mass
  1304 | D        | Killed a starcursed mass
  1305 | D        | Killed a starcursed mass
  1307 | D        | Killed a starcursed mass
  1326 | D        | Gained mutation: Armour fits poorly on your strangely shaped body. [mutagenic meat]
  1327 | D        | Gained mutation: Scrolls take you a little longer to read. [mutagenic meat]
  1328 | D        | Gained mutation: Your spells are a little easier to cast, but a little less powerful. [mutagenic meat]
  1329 | D        | Gained mutation: You are partially covered in molten scales (AC +1). [mutagenic meat]
  1339 | D        | Gained mutation: Your flesh is heat resistant. [mutagenic meat]
  1340 | D        | Lost mutation: Scrolls take you a little longer to read. [mutagenic meat]
  1378 | D        | Got the ring of Bujic {rElec rN+++ Int-4 Stlth+}
  1390 | D        | Learned a level 9 spell: Tornado
  1401 | D        | Identified the Disquisition on Cankerous Enchantment (You found it in the Dungeon)
  1406 | D        | Entered arena 22.
  1413 | D        | Noticed a yaktaur
  1413 | D        | Noticed a yaktaur
  1413 | D        | Noticed a cyclops
  1413 | D        | Noticed a merfolk javelineer
  1413 | D        | Noticed a cyclops
  1413 | D        | Noticed a yaktaur captain
  1413 | D        | Noticed a cyclops
  1413 | D        | Noticed a yaktaur captain
  1413 | D        | Noticed a cyclops
  1413 | D        | Noticed a cyclops
  1413 | D        | Noticed a centaur warrior
  1413 | D        | Noticed a deep elf master archer
  1413 | D        | Noticed a merfolk javelineer
  1413 | D        | Noticed a yaktaur
  1414 | D        | Noticed a deep elf master archer
  1414 | D        | Noticed a cyclops
  1414 | D        | Noticed a stone giant
  1414 | D        | Noticed a centaur warrior
  1414 | D        | Noticed a cyclops
  1414 | D        | Noticed a merfolk javelineer
  1414 | D        | Noticed a centaur warrior
  1414 | D        | Noticed a cyclops
  1414 | D        | Noticed a centaur warrior
  1415 | D        | Noticed a yaktaur
  1415 | D        | Noticed a yaktaur
  1415 | D        | Noticed a merfolk javelineer
  1415 | D        | Noticed a centaur warrior
  1415 | D        | Noticed a centaur
  1415 | D        | Noticed a yaktaur captain
  1415 | D        | Noticed a yaktaur
  1415 | D        | Noticed a yaktaur captain
  1415 | D        | Noticed a yaktaur
  1416 | D        | Noticed a centaur
  1416 | D        | Killed a centaur
  1416 | D        | Killed a centaur
  1417 | D        | Killed a centaur warrior
  1417 | D        | Reached skill level 22 in Invocations
  1417 | D        | Killed a centaur warrior
  1417 | D        | Killed a yaktaur
  1417 | D        | Reached skill level 1 in Air Magic
  1417 | D        | Killed a centaur warrior
  1417 | D        | Killed a centaur warrior
  1417 | D        | Killed a centaur warrior
  1417 | D        | Killed a yaktaur
  1418 | D        | Killed a yaktaur
  1418 | D        | Reached skill level 5 in Spellcasting
  1418 | D        | Killed a yaktaur
  1418 | D        | Killed a yaktaur
  1418 | D        | Killed a yaktaur
  1418 | D        | Killed a yaktaur
  1419 | D        | Killed a deep elf master archer
  1419 | D        | Reached XP level 16. HP: 51/116 MP: 14/31
  1419 | D        | Killed a yaktaur captain
  1419 | D        | Killed a yaktaur captain
  1419 | D        | Killed a deep elf master archer
  1419 | D        | Killed a merfolk javelineer
  1419 | D        | Killed a yaktaur captain
  1420 | D        | Killed a cyclops
  1423 | D        | Killed a merfolk javelineer
  1423 | D        | Killed a yaktaur captain
  1423 | D        | Killed a merfolk javelineer
  1423 | D        | Killed a merfolk javelineer
  1424 | D        | Killed a stone giant
  1424 | D        | Killed a cyclops
  1424 | D        | Killed a cyclops
  1425 | D        | Killed a cyclops
  1425 | D        | Killed a cyclops
  1425 | D        | Killed a cyclops
  1425 | D        | Killed a cyclops
  1427 | D        | Killed a cyclops
  1851 | D        | Learned a level 2 spell: Song of Slaying
  1855 | D        | Learned a level 3 spell: Regeneration
  1859 | D        | Entered arena 23.
  1866 | D        | Noticed a giant frog
  1866 | D        | Noticed a lindwurm
  1866 | D        | Noticed a death drake
  1866 | D        | Noticed a juggernaut
  1866 | D        | Noticed a shard shrike
  1866 | D        | Noticed a komodo dragon
  1866 | D        | Noticed a soldier ant
  1866 | D        | Noticed a water nymph
  1866 | D        | Noticed a shock serpent
  1866 | D        | Noticed a boulder beetle
  1866 | D        | Noticed a troll
  1866 | D        | Noticed a ghost crab
  1866 | D        | a lindwurm changed into a swamp dragon
  1866 | D        | Noticed a shard shrike
  1866 | D        | a juggernaut changed into a shard shrike
  1866 | D        | Noticed a titan
  1866 | D        | a shard shrike changed into a titan
  1866 | D        | a titan changed into an iron dragon
  1866 | D        | a troll changed into a yaktaur
  1866 | D        | a ghost crab changed into a lindwurm
  1867 | D        | Noticed an eye of devastation
  1867 | D        | Noticed a salamander
  1867 | D        | Noticed a salamander
  1867 | D        | Noticed a glowing shapeshifter
  1867 | D        | Noticed a golden eye
  1867 | D        | Noticed a wolf spider
  1867 | D        | Noticed a merfolk
  1867 | D        | Noticed a shard shrike
  1867 | D        | Noticed a shard shrike
  1867 | D        | Noticed a salamander
  1867 | D        | a wolf spider changed into a slime creature
  1867 | D        | a merfolk changed into a cyclops
  1867 | D        | a shard shrike changed into an iron dragon
  1867 | D        | a glowing shapeshifter changed into a blink frog
  1867 | D        | a giant frog changed into an ice beast
  1867 | D        | a soldier ant changed into a polar bear
  1867 | D        | a boulder beetle changed into an anubis guard
  1868 | D        | Noticed a giant orange brain
  1868 | D        | Killed a shard shrike
  1868 | D        | Reached skill level 23 in Invocations
  1868 | D        | Reached skill level 5 in Air Magic
  1868 | D        | Killed a golden eye
  1868 | D        | Noticed a juggernaut
  1868 | D        | Noticed a shard shrike
  1869 | D        | Killed a shard shrike
  1869 | D        | Killed a shard shrike
  1869 | D        | Noticed a caustic shrike
  1869 | D        | an iron dragon changed into a caustic shrike
  1870 | D        | Noticed a guardian serpent
  1870 | D        | Noticed a sea snake
  1870 | D        | Killed a komodo dragon
  1870 | D        | Killed a death drake
  1870 | D        | Killed a water nymph
  1870 | D        | Killed a shock serpent
  1870 | D        | Killed a giant orange brain
  1870 | D        | a sea snake changed into a shock serpent
  1871 | D        | Killed a salamander
  1871 | D        | Killed a salamander
  1871 | D        | Killed a salamander
  1871 | D        | Killed a caustic shrike
  1871 | D        | Reached skill level 24 in Invocations
  1871 | D        | Killed a guardian serpent
  1871 | D        | an eye of devastation changed into a lindwurm
  1872 | D        | Noticed a slime creature
  1874 | D        | a juggernaut changed into an iron dragon
  1877 | D        | a slime creature changed into a snapping turtle
  1883 | D        | Noticed a sphinx
  1883 | D        | a shadow dragon changed into a sphinx
  1886 | D        | Killed a sphinx
  1886 | D        | Reached XP level 17. HP: 37/124 MP: 9/33
  1991 | D        | Learned a level 3 spell: Spectral Weapon
  1993 | D        | Gained mutation: You are frail (-10% HP). [mutagenic meat]
  1994 | D        | Gained mutation: Your magical capacity is low (-10% MP). [mutagenic meat]
  1996 | D        | Gained mutation: You tend to lose your temper in combat. [mutagenic meat]
  1997 | D        | Gained mutation: You are very frail (-20% HP). [mutagenic meat]
  1998 | D        | Lost mutation: Your flesh is heat resistant. [mutagenic meat]
  1999 | D        | Gained mutation: Your magical capacity is very low (-20% MP). [mutagenic meat]
  2000 | D        | Lost mutation: You tend to lose your temper in combat. [mutagenic meat]
  2001 | D        | Gained mutation: You are partially covered in icy blue scales (AC +1). [mutagenic meat]
  2002 | D        | Gained mutation: You are resistant to hostile enchantments. [mutagenic meat]
  2003 | D        | Lost mutation: You are very frail (-20% HP). [mutagenic meat]
  2004 | D        | Gained mutation: You can spit weak poison. [mutagenic meat]
  2005 | D        | Lost mutation: Your magical capacity is very low (-20% MP). [mutagenic meat]
  2007 | D        | Gained mutation: You possess an exceptional clarity of mind. [mutagenic meat]
  2008 | D        | Gained mutation: You are dopey. (Int -2) [mutagenic meat]
  2013 | D        | Lost mutation: You are agile. (Dex +2) [mutagenic meat]
  2016 | D        | Gained mutation: You have large cloven feet. [mutagenic meat]
  2023 | D        | Gained mutation: Your body sometimes deteriorates upon taking damage. [mutagenic meat]
  2025 | D        | Lost mutation: Your body sometimes deteriorates upon taking damage. [mutagenic meat]
  2026 | D        | Gained mutation: You are mostly covered in icy blue scales (AC +3, EV -1). [mutagenic meat]
  2027 | D        | Gained mutation: You are somewhat resistant to further mutation. [mutagenic meat]
  2037 | D        | Got the ring of Dafomoeh {rF+ Str-2 Int+5 SInv Stlth-}
  2055 | D        | Identified the Handbook of Arcane Weapons and Poison (You found it in the Dungeon)
  2057 | D        | Identified the Catalogue of Dark Rites (You found it in the Dungeon)
  2060 | D        | Identified the Volume of Creative Poison (You found it in the Dungeon)
  2065 | D        | Got the ring of Satyriasis {rC+ MR+}
  2074 | D        | Drew Focus: Str increased to 26, Int decreased to 5
  2077 | D        | Drew Focus: Str increased to 27, Int decreased to 4
  2080 | D        | Drew Focus: Str increased to 28, Int decreased to 3
  2083 | D        | Identified the Tome of the Blaze and Attacks (You found it in the Dungeon)
  2097 | D        | Entered arena 24.
  2098 | D        | Noticed a warg
  2099 | D        | Noticed a warg
  2100 | D        | Killed a warg
  2103 | D        | Killed a warg
  2105 | D        | Noticed an orc warrior
  2105 | D        | Noticed an orc warlord
  2105 | D        | Noticed a stone giant
  2105 | D        | Noticed an orc high priest
  2105 | D        | Noticed a stone giant
  2106 | D        | Noticed a stone giant
  2106 | D        | Noticed an orc warrior
  2106 | D        | Noticed an orc knight
  2106 | D        | Noticed a moth of wrath
  2106 | D        | Noticed an ogre
  2106 | D        | Noticed a stone giant
  2106 | D        | Noticed an orc knight
  2106 | D        | Noticed a moth of wrath
  2106 | D        | Noticed an orc knight
  2106 | D        | Noticed an orc warrior
  2106 | D        | Noticed an orc warlord
  2106 | D        | Noticed an orc warrior
  2107 | D        | Noticed a moth of wrath
  2108 | D        | Noticed an orc warrior
  2109 | D        | Noticed a moth of wrath
  2109 | D        | Noticed an orc knight
  2109 | D        | Noticed an orc priest
  2110 | D        | Noticed a troll
  2111 | D        | Noticed an orc knight
  2111 | D        | Killed an orc warlord
  2111 | D        | Killed a moth of wrath
  2112 | D        | Killed an ogre
  2113 | D        | Noticed an orc high priest
  2113 | D        | Killed an orc high priest
  2113 | D        | Killed an orc warrior
  2113 | D        | Killed an orc priest
  2114 | D        | Killed a stone giant
  2114 | D        | Killed a moth of wrath
  2114 | D        | Killed an orc warrior
  2114 | D        | Killed a moth of wrath
  2114 | D        | Killed an orc warrior
  2114 | D        | Killed an orc warrior
  2114 | D        | Killed an orc warrior
  2114 | D        | Killed a moth of wrath
  2115 | D        | Noticed an orc warlord
  2115 | D        | Killed an orc knight
  2115 | D        | Killed a stone giant
  2115 | D        | Killed a troll
  2117 | D        | Killed a stone giant
  2119 | D        | Killed a stone giant
  2119 | D        | Killed an orc knight
  2119 | D        | Reached skill level 10 in Spellcasting
  2119 | D        | Killed an orc warlord
  2120 | D        | Killed an orc knight
  2120 | D        | Killed an orc knight
  2120 | D        | Killed an orc knight
  2120 | D        | Killed an orc high priest
  2129 | D        | Killed an orc warlord
  2129 | D        | Reached skill level 25 in Invocations
  2224 | D        | Got the +2 cloak of the Armoured One {rN+}
  2241 | D        | Got the ring of Myfefer {Wiz rF+ rN+ Slay+6}
  2258 | D        | Got the ring of Radik {rF+ Dex+4 Stlth+}
  2264 | D        | Got the amulet "Damoovo" {Clar Str+6}
  2274 | D        | Got the ring of Inuqaras {rF+++ rN++ EV+2 Dex-3}
  2309 | D        | Entered arena 25.
  2322 | D        | Noticed an apis
  2322 | D        | Noticed a daeva
  2322 | D        | Noticed a pearl dragon
  2322 | D        | Noticed a cherub
  2322 | D        | Noticed a daeva
  2322 | D        | Noticed an angel
  2322 | D        | Noticed a pearl dragon
  2322 | D        | Noticed a pearl dragon
  2322 | D        | Noticed an angel
  2322 | D        | Noticed an ophan
  2322 | D        | Noticed a daeva
  2322 | D        | Noticed an angel
  2322 | D        | Noticed a pearl dragon
  2322 | D        | Noticed a cherub
  2322 | D        | Noticed an angel
  2323 | D        | Noticed an ophan
  2323 | D        | Noticed an apis
  2323 | D        | Noticed an ophan
  2323 | D        | Noticed a pearl dragon
  2323 | D        | Noticed an angel
  2323 | D        | Noticed an apis
  2323 | D        | Noticed a daeva
  2323 | D        | Noticed a pearl dragon
  2323 | D        | Noticed an angel
  2323 | D        | Noticed an ophan
  2323 | D        | Noticed a daeva
  2323 | D        | Noticed an ophan
  2323 | D        | Noticed an apis
  2323 | D        | Noticed a daeva
  2323 | D        | Noticed an angel
  2323 | D        | Noticed an angel
  2323 | D        | Noticed an angel
  2323 | D        | Noticed an angel
  2323 | D        | Noticed an apis
  2323 | D        | Noticed a daeva
  2323 | D        | Noticed an apis
  2323 | D        | Noticed an angel
  2323 | D        | Noticed an ophan
  2323 | D        | Noticed an ophan
  2323 | D        | Noticed a cherub
  2323 | D        | Noticed a pearl dragon
  2324 | D        | Noticed a pearl dragon
  2324 | D        | HP: 4/113 [pearl dragon] (10)]
  2324 | D        | Mangled by a pearl dragon

Action                   |  1- 3 |  4- 6 |  7- 9 | 10-12 | 13-15 | 16-18 || total
-------------------------+-------+-------+-------+-------+-------+-------++-------
Melee: Broad axe         |     2 |     3 |    31 |    48 |   112 |    49 ||   245
Invok: Slouch            |       |       |     1 |     6 |    17 |    14 ||    38
       Temporal Distorti |       |       |       |       |       |     1 ||     1
 Abil: Fly               |       |       |       |       |     1 |       ||     1
       Stop Flying       |       |       |       |       |     1 |       ||     1
Evoke: Deck              |       |       |    13 |    10 |    19 |    10 ||    52
       Lamp of fire      |       |       |       |     1 |       |       ||     1
  Use: Potion            |     2 |     2 |       |       |       |     1 ||     5
       Scroll            |       |       |       |       |     1 |     1 ||     2
 Stab: Distracted        |       |       |       |       |     5 |     1 ||     6
  Eat: Chunk             |       |       |       |     3 |     7 |    37 ||    47
       Meat ration       |       |       |       |       |     3 |     1 ||     4
